Map: Blackpink LE

Players

SamuraiFunn - Winner!

  • Race: Protoss Protoss
  • League: Platinum
  • Spawn Location: 1:00

A.I. 1 (Very Hard)

  • Race: Protoss Protoss
  • Spawn Location: 7:00

VOD

Have the link to the VOD?

Description

Time

  • Played on: Nov. 30, 2017, 9:02 p.m.
  • Length: 17:59
Show
View Real Time Build Order
Export as new Build Order

SamuraiFunn Protoss - Winner!

Build Orders:  

Get SALT Encoding   

  12  0:01  Probe  
  13  0:13  Probe  
  14  0:21  Pylon  
  14  0:25  Probe  
  15  0:39  Probe  
  16  0:47  Gateway  
  16  0:51  Probe (Chrono Boost)  
  17  1:01  Probe (Chrono Boost)  
  18  1:05  Probe, Pylon  
  19  1:12  Assimilator  
  19  1:17  Probe  
  20  1:29  Probe  
  21  1:41  Probe  
  21  1:45  Assimilator  
  22  1:51  Zealot (Chrono Boost)  
  22  1:53  Probe  
  25  1:57  Cybernetics Core  
  25  2:08  Probe  
  26  2:18  Nexus  
  26  2:20  Probe  
  27  2:25  Gateway  
  27  2:33  Probe  
  28  2:45  Probe, Pylon  
  28  2:48  Warp Gate (Chrono Boost)  
  29  3:00  Robotics Facility, Stalker  
  29  3:05  Probe  
  32  3:12  Pylon  
  32  3:17  Probe  
  32  3:19  Stalker  
  35  3:29  Probe  
  35  3:32  Probe  
  37  3:34  Gateway  
  37  3:40  Stalker  
  39  3:44  Probe  
  40  3:52  Observer  
  40  3:54  Probe  
  42  4:04  Probe  
  42  4:07  Probe  
  42  4:08  Stalker  
  46  4:13  Observer  
  46  4:16  Probe, Twilight Council  
  48  4:33  Probe x2  
  48  4:35  Pylon  
  50  5:00  Stalker x3  
  50  5:03  Probe x2  
  50  5:05  Nexus  
  50  5:06  Pylon  
  58  5:09  Pylon  
  58  5:15  Probe x2  
  58  5:19  Observer  
  58  5:20  Assimilator  
  61  5:23  Assimilator  
  61  5:27  Probe x2  
  63  5:32  Stalker x2  
  63  5:33  Stalker  
  69  5:39  Probe  
  69  5:40  Probe  
  71  5:52  Probe x2  
  73  6:00  Robotics Facility  
  73  6:03  Gateway  
  73  6:04  Probe x2, Gateway  
  75  6:06  Gateway  
  75  6:18  Probe x2  
  77  6:19  Probe  
  78  6:26  Stalker x2  
  78  6:27  Stalker  
  84  6:34  Forge  
  84  6:36  Forge  
  84  6:38  Probe x2  
  86  6:42  Assimilator  
  86  6:45  Probe, Assimilator  
  87  6:50  Probe x2  
  87  6:51  Stalker  
  91  6:57  Probe  
  91  6:59  Observer x2  
  94  7:02  Probe  
  95  7:09  Probe, Pylon  
  95  7:10  Probe  
  95  7:13  Stalker  
  95  7:14  Stalker  
  101  7:16  Protoss Ground Weapons Level 1 (Chrono Boost)  
  101  7:17  Protoss Ground Armor Level 1 (Chrono Boost)  
  101  7:25  Pylon  
  101  7:27  Probe  
  102  7:32  Pylon  
  102  7:34  Stalker  
  104  7:40  Pylon, Immortal  
  104  7:43  Immortal  
  112  7:46  Probe, Pylon  
  112  7:47  Probe x2  
  112  7:48  Pylon  
  115  7:52  Pylon  
  115  7:59  Probe x3  
  115  8:01  Stalker x2  
  115  8:02  Stalker x2  
  126  8:06  Stalker  
  126  8:07  Stalker  
  130  8:30  Immortal x2  
  138  8:36  Stalker  
  138  8:37  Stalker x5  
  148  9:07  Stalker x3  
  148  9:09  Stalker  
  156  9:10  Protoss Shields Level 1 (Chrono Boost)  
  156  9:14  Robotics Facility  
  154  9:33  Nexus, Stalker  
  156  9:39  Pylon  
  156  9:42  Pylon  
  156  9:46  Pylon  
  156  9:57  Immortal x2  
  164  10:06  Immortal  
  168  10:09  Stalker  
  168  10:10  Stalker x4  
  178  10:20  Stalker  
  180  10:26  Pylon  
  180  10:28  Pylon  
  180  10:41  Pylon  
  180  10:44  Immortal x2  
  188  11:14  Stalker  
  188  11:15  Stalker x5  
  182  11:44  Blink (Chrono Boost)  
  120  11:59  Stalker  
  120  12:00  Stalker x4  
  120  12:01  Stalker  
  120  12:03  Immortal x3  
  128  12:10  Assimilator  
  128  12:13  Assimilator  
  128  12:14  Protoss Shields Level 2  
  128  12:15  Protoss Ground Weapons Level 2  
  124  12:16  Robotics Facility  
  124  12:17  Robotics Facility  
  110  12:41  Stalker x3  
  110  12:42  Stalker x3  
  118  12:50  Immortal x3  
  127  13:07  Gateway  
  127  13:09  Gateway  
  127  13:11  Gateway  
  127  13:13  Gateway  
  127  13:16  Immortal x2  
  135  13:23  Stalker  
  135  13:24  Stalker  
  135  13:25  Stalker  
  135  13:26  Stalker x3  
  147  13:29  Immortal  
  151  13:41  Immortal x2  
  159  13:55  Immortal x2  
  153  14:07  Stalker x2  
  153  14:08  Immortal, Stalker x4  
  165  14:20  Immortal  
  167  14:39  Stalker x3  
  167  14:40  Stalker  
  167  14:41  Stalker x2  
  169  15:13  Immortal x5  
  189  15:15  Stalker  
  189  15:16  Stalker x4  
Show
View Real Time Build Order
Export as new Build Order

A.I. 1 (Very Hard) Protoss 

Build Orders:  

Get SALT Encoding   

  12  0:00  Probe  
  13  0:13  Probe  
  14  0:20  Pylon  
  14  0:25  Probe  
  15  0:38  Probe  
  16  0:48  Assimilator  
  16  0:50  Probe  
  16  0:51  Gateway  
  17  1:00  Pylon  
  17  1:02  Probe  
  18  1:14  Probe  
  19  1:27  Probe  
  20  1:39  Probe  
  21  1:40  Zealot  
  21  1:41  Cybernetics Core  
  23  1:51  Probe  
  24  2:03  Probe, Nexus  
  25  2:17  Gateway  
  25  2:25  Pylon  
  25  2:28  Zealot  
  27  2:31  Probe  
  27  2:35  Warp Gate  
  28  2:43  Probe  
  28  2:44  Assimilator  
  29  2:56  Probe, Adept  
  32  3:03  Adept  
  34  3:08  Probe, Pylon  
  35  3:14  Probe  
  36  3:22  Probe, Stalker  
  36  3:27  Probe  
  40  3:34  Probe  
  41  3:39  Probe  
  42  3:42  Robotics Facility  
  42  3:45  Adept  
  44  3:49  Probe  
  44  3:51  Probe  
  46  3:55  Adept  
  46  4:01  Probe  
  49  4:03  Probe  
  50  4:12  Adept  
  50  4:13  Probe  
  50  4:15  Probe, Pylon  
  54  4:25  Probe  
  54  4:27  Probe  
  54  4:29  Immortal  
  60  4:36  Pylon, Stalker  
  60  4:37  Probe  
  63  4:39  Probe  
  64  4:47  Stalker  
  64  4:49  Probe  
  64  4:51  Probe  
  68  4:54  Robotics Facility  
  68  5:00  Stalker  
  68  5:06  Probe  
  71  5:08  Probe, Immortal  
  71  5:13  Pylon  
  76  5:16  Pylon  
  76  5:22  Stalker  
  78  5:31  Sentry, Probe, Assimilator  
  78  5:32  Probe  
  78  5:35  Gateway  
  82  5:44  Pylon  
  82  5:45  Sentry, Assimilator  
  84  5:54  Probe, Zealot  
  87  6:05  Pylon  
  87  6:08  Zealot  
  87  6:09  Robotics Bay  
  89  6:12  Probe  
  89  6:13  Probe  
  89  6:14  Stalker  
  93  6:24  Probe  
  94  6:26  Pylon  
  94  6:31  Stalker  
  96  6:35  Stalker  
  98  6:40  Forge  
  98  6:44  Forge  
  98  6:45  Sentry  
  100  6:47  Pylon  
  100  6:51  Pylon  
  100  6:56  Colossus  
  100  6:59  Gateway  
  106  7:10  Observer  
  106  7:12  Protoss Ground Weapons Level 1  
  106  7:15  Photon Cannon  
  107  7:20  Zealot  
  109  7:24  Pylon  
  109  7:29  Protoss Ground Armor Level 1  
  109  7:30  Colossus  
  115  7:49  Photon Cannon, Warp Prism  
  117  7:58  Photon Cannon  
  117  8:05  Gateway  
  117  8:06  Stalker  
  117  8:09  Pylon, Nexus  
  119  8:13  Stalker  
  121  8:24  Colossus  
  121  8:25  Disruptor, Extended Thermal Lance  
  130  8:37  Photon Cannon  
  130  8:42  Pylon  
  130  8:56  Photon Cannon  
  130  9:01  Pylon, Disruptor  
  133  9:04  Pylon  
  133  9:07  Pylon  
  133  9:10  Pylon  
  133  9:17  Warp Prism  
  133  9:21  Photon Cannon, Probe  
  133  9:22  Probe x2  
  138  9:26  Protoss Shields Level 1  
  138  9:33  Probe  
  138  9:34  Pylon  
  138  9:35  Probe x2  
  138  9:37  Observer  
  142  9:40  Pylon  
  142  9:45  Probe  
  142  9:47  Probe  
  142  9:48  Probe  
  145  9:54  Observer  
  145  9:55  Gateway  
  145  9:58  Probe  
  145  9:59  Photon Cannon, Probe  
  148  10:01  Nexus, Twilight Council  
  148  10:08  Robotics Facility  
  148  10:15  Stargate  
  148  10:29  Assimilator  
  148  10:30  Colossus  
  148  10:32  Photon Cannon  
  154  10:40  Blink  
  154  10:41  Assimilator  
  154  10:44  Protoss Ground Weapons Level 2, Zealot  
  154  10:47  Zealot  
  154  10:49  Zealot, Observer Gravitic Boosters  
  160  11:03  Probe x2  
  162  11:04  Disruptor  
  162  11:07  Photon Cannon  
  165  11:14  Probe x2, Disruptor  
  165  11:15  Probe  
  165  11:17  Probe, Stalker  
  174  11:20  Pylon  
  174  11:21  Stalker  
  174  11:22  Nexus  
  176  11:27  Immortal  
  176  11:30  Zealot  
  176  11:32  Probe  
  182  11:33  Probe  
  182  11:35  Zealot  
  142  11:49  Sentry  
  142  11:52  Adept  
  121  11:55  Adept  
  121  11:58  Stalker  
  105  12:01  Zealot  
  105  12:04  Stalker  
  86  12:12  Adept, Stalker  
  86  12:15  Zealot  
  81  12:18  Observer  
  81  12:21  Sentry, Stalker  
  81  12:27  Adept  
  77  12:31  Probe  
  77  12:32  Probe, Stalker  
  77  12:35  Stalker, Adept  
  83  12:42  Probe  
  83  12:44  Probe, Stalker, Sentry  
  85  12:47  Adept  
  89  12:55  Zealot x2  
  93  12:58  Stalker  
  93  13:02  Immortal  
  99  13:07  Stalker  
  99  13:08  Immortal  
  99  13:10  Zealot  
  99  13:12  Zealot  
  109  13:16  Zealot x2  
  113  13:21  Zealot  
  115  13:30  Probe, Zealot x2  
  115  13:32  Zealot  
  115  13:34  Immortal  
  125  13:36  Adept  
  125  13:41  Sentry  
  129  13:46  Pylon, Colossus  
  133  13:56  Stalker  
  133  13:58  Adept  
  133  14:01  Stalker  
  119  14:03  Zealot  
  119  14:05  Adept  
  119  14:07  Sentry  
  113  14:12  Disruptor  
  109  14:18  Probe, Stalker  
  109  14:19  Probe, Zealot  
  109  14:20  Stalker  
  109  14:22  Pylon  
  109  14:23  Stalker  
  97  14:24  Pylon, Stalker  
  97  14:26  Zealot  
  97  14:30  Adept  
  93  14:35  Probe  
  93  14:36  Probe  
  75  14:43  Stalker  
  69  14:46  Sentry, Zealot  
  69  14:47  Adept  
  72  14:56  Stalker  
  55  15:03  Pylon  
  55  15:04  Probe  
  55  15:06  Sentry, Adept  
  52  15:07  Zealot  
  52  15:09  Zealot  
  44  15:19  Stalker  
  43  15:40  Stalker x2  
  32  15:53  Zealot  
  32  16:03  Nexus  
  28  16:13  Nexus  
  28  16:15  Cybernetics Core  
  28  16:38  Pylon  
  27  16:49  Nexus  
  27  16:52  Gateway  
  27  16:58  Twilight Council  
  27  17:27  Nexus  
  22  17:42  Pylon  
Tags
 
League
Platinum
Matchup
PvP
Replay Pack
First 100 games
Spawn Locations
Cross Positions
Add a new tag
Caveats
  • Supply blocks, unpowered buildings, or Contaminate may cause inaccurate times.
  • Supply counts are checked every 10 seconds.